 Dungeon Crawl Stone Soup version 0.28-a0-589-g333b8329f1 (webtiles) character file.

Game seed: 889287288793212761

12560 Heedrag the Cleaver (level 11, -9/95 HPs)
             Began as a Minotaur Fighter on Oct 4, 2021.
             Was a High Priest of Okawaru.
             Mangled by a cyan ugly thing (13 damage)
             ... on level 10 of the Dungeon.
             The game lasted 00:17:55 (13092 turns).

Heedrag the Cleaver (Minotaur Fighter)             Turns: 13092, Time: 00:17:55

Health: -9/95      AC: 21    Str: 23    XL:     11   Next: 64%
Magic:  13/14      EV: 11    Int:  5    God:    Okawaru [*****.]
Gold:   419        SH:  9    Dex: 11    Spells: 10/10 levels left

rFire   + . .      SeeInvis .   R - +0 broad axe
rCold   . . .      Faith    .   O - +2 buckler
rNeg    . . .      Spirit   .   E - +0 plate armour
rPois   .          Reflect  .   (helmet restricted)
rElec   .          Harm     .   (no cloak)
rCorr   .          Rampage  .   u - +0 pair of gloves
Will    .....                   (no boots)
Stlth   ..........              (no amulet)
HPRegen 0.25/turn               i - ring of protection from fire
MPRegen 0.14/turn               P - +4 ring of protection

@: heroic
A: horns 2, retaliatory headbutt
a: Renounce Religion, Heroism, Finesse, Duel


You were on level 10 of the Dungeon.
You worshipped Okawaru.
Okawaru was extremely pleased with you.
You visited 2 branches of the dungeon, and saw 11 of its levels.

You collected 479 gold pieces.
You spent 60 gold pieces at shops.

Inventory:

Hand Weapons
 a - a +0 war axe
 c - a +2 war axe
   (You took it off a wight on level 8 of the Dungeon)
 C - a +0 morningstar
   (You found it on level 4 of the Dungeon)
 H - the +1 whip of Contention {protect, Dex+2}
   (You found it on level 5 of the Dungeon)

   It grants its wielder temporary protection when it strikes (+7 to AC).
   Dex:       It affects your dexterity (+2).
 Q - a +1 scimitar of flaming
   (You took it off Erica on level 9 of the Dungeon)
 R - a +0 broad axe (weapon)
   (You bought it in a shop on level 9 of the Dungeon)
Missiles
 q - a throwing net (quivered) {!f}
 A - 11 poisoned darts
 B - 7 boomerangs
 S - 5 datura-tipped darts
Armour
 u - a +0 pair of gloves (worn)
   (You found it on level 3 of the Dungeon)
 E - a +0 plate armour (worn)
   (You found it on level 4 of the Dungeon)
 O - a +2 buckler (worn)
   (You found it on level 8 of the Dungeon)
Jewellery
 i - a ring of protection from fire (left hand)
   (You found it on level 1 of the Dungeon)
 j - a ring of positive energy
   (You found it on level 1 of the Dungeon)
 v - a +6 ring of intelligence
   (You found it on level 5 of the Dungeon)
 K - a ring of protection from fire
   (You found it on level 6 of the Dungeon)
 L - a ring of protection from fire
   (You found it on level 6 of the Dungeon)
 P - a +4 ring of protection (right hand)
   (You found it on level 3 of the Dungeon)
Wands
 d - a wand of iceblast (10)
   (You took it off Joseph on level 7 of the Dungeon)
 k - a wand of polymorph (24)
   (You took it off Sigmund on level 2 of the Dungeon)
 x - a wand of acid (6)
   (You took it off Erica on level 9 of the Dungeon)
Scrolls
 e - a scroll of acquirement {unknown}
 f - 5 scrolls of enchant weapon {unknown}
 g - a scroll of enchant armour {unknown}
 m - 15 scrolls of identify {unknown}
 o - a scroll of fog {unknown}
 w - 2 scrolls of magic mapping {unknown}
 y - a scroll of immolation {unknown}
 z - 2 scrolls of noise {unknown}
 D - 2 scrolls of holy word {unknown}
 F - 3 scrolls of vulnerability {unknown}
 G - a scroll of silence {unknown}
 J - 3 scrolls of teleportation {unknown}
Potions
 b - 2 potions of ambrosia {unknown}
 h - 5 potions of curing {unknown}
 l - a potion of magic {unknown}
 n - 2 potions of berserk rage {unknown}
 p - 2 potions of degeneration {unknown}
 r - a potion of attraction {unknown}
 s - 2 potions of lignification {unknown}
 t - 4 potions of heal wounds {unknown}
 I - 2 potions of brilliance {unknown}
 M - 2 potions of might
 N - a potion of mutation {unknown}


   Skills:
 + Level 8.9(13.9) Fighting
 * Level 11.2(16.2) Axes
 + Level 5.1(10.1) Throwing
 + Level 8.7(13.7) Armour
 + Level 7.0(12.0) Dodging
 + Level 8.6(13.6) Shields
 * Level 6.5 Invocations
 + Level 4.5 Evocations


You had 10 spell levels left.
You didn't know any spells.
Your spell library contained the following spells:

 Spells                   Type           Power      Damage    Failure   Level
 Apportation              Tloc           0%         N/A       99%         1
 Scorch                   Fire           0%         2d5       100%        2
 Flame Wave               Conj/Fire      0%         3d3       100%        4
 Alistair's Intoxication  Tmut/Pois      0%         N/A       100%        5
 Invisibility             Hex            0%         N/A       100%        6
 Animate Skeleton         Necr           Unusable   N/A       N/A         1
 Summon Small Mammal      Summ           Unusable   N/A       N/A         1
 Summon Cactus Giant      Summ           Unusable   N/A       N/A         6

Dungeon Overview and Level Annotations

Branches:
Dungeon (10/15)            Temple (1/1) D:6
   Lair: D:8-11         Orc: D:9-12

Altars:
Ashenzari
Cheibriados
Dithmenos
Elyvilon
Fedhas
Gozag
Hepliaklqana
Kikubaaqudgha
Makhleb
Nemelex Xobeh
Okawaru
Qazlal
Ru
Sif Muna
Trog
Uskayaw
Vehumet
Wu Jian
Xom
Yredelemnul
Zin
The Shining One

Shops:
D:5 (**   D:8 :   D:9 (

Annotations:
D:8 exclusion: ice statue


Innate Abilities, Weirdness & Mutations

You have a pair of horns on your head.
You reflexively headbutt those who attack you in melee.


Message History

You barely miss the wyvern. Your headbutt misses the wyvern.
The wyvern bites you but does no damage.
The wyvern bites you!
You hit the wyvern. You headbutt the wyvern. You block the wyvern's attack.
You slash the wyvern! You block the wyvern's attack.
The wyvern barely misses you.
You closely miss the wyvern. Your headbutt misses the wyvern.
The wyvern bites you but does no damage.
You closely miss the wyvern. You block the wyvern's attack.
The wyvern barely misses you. You furiously retaliate!
You headbutt the wyvern!
You kill the wyvern!
Okawaru accepts your kill.
No target in view!
No target in view!
Unknown command.
You start resting.
A cyan ugly thing comes into view.
The cyan ugly thing gurgles horribly!
You see here a wyvern corpse.
You gain the combat prowess of a mighty hero.
The cyan ugly thing pecks you but does no damage.
Your plate armour prevents you from hitting the cyan ugly thing.
You headbutt the cyan ugly thing! The cyan ugly thing pecks you.
The cyan ugly thing shocks you!
* * * LOW HITPOINT WARNING * * *
You closely miss the cyan ugly thing.
The cyan ugly thing pecks you but does no damage.
Unknown command.
You barely miss the cyan ugly thing. You headbutt the cyan ugly thing!
You block the cyan ugly thing's attack.
Unknown command.
You hit the cyan ugly thing.
Unknown command.
You slash the cyan ugly thing!
The cyan ugly thing pecks you but does no damage.
Unknown command.
You closely miss the cyan ugly thing.
You headbutt the cyan ugly thing, but do no damage.
The cyan ugly thing pecks you.
* * * LOW HITPOINT WARNING * * *
The cyan ugly thing shocks you!
* * * LOW HITPOINT WARNING * * *
You hit the cyan ugly thing. The cyan ugly thing pecks you.
* * * LOW HITPOINT WARNING * * *
The cyan ugly thing shocks you!
* * * LOW HITPOINT WARNING * * *
The cyan ugly thing pecks you.
* * * LOW HITPOINT WARNING * * *
The cyan ugly thing shocks you!
You die...

........ .. #......#
.##......#.. #
.#......#.# #. .......#.#
#.# ......#.#
.###..##.#...#.#
.........#...#.#
.......#........@#†#
......#####.#.#.#u#
......# ##.###.#.#
......## #...##.#.#
.......####..#..#†# #.
.........#......#.# #.
................#.# #.
........##......#.. #.
.....##.##......########.
#.


You could see a cyan ugly thing.

Vanquished Creatures
  Gastronok (D:8)
  A hydra (D:8)
  Erica (D:9)
  2 two-headed ogres
  Joseph (D:7)
  3 centaur zombies
  3 trolls
  A wind drake (shapeshifter) (D:9)
  A hornet (D:6)
  Grinder (D:3)
  Sigmund (D:2)
  A shadow (D:6)
  A basilisk (D:10)
  A wraith (D:10)
  11 yaks
  2 wyverns (D:10)
  Menkaure (D:7)
  3 steam dragons
  Duvessa (D:6)
  3 water moccasins
  An ice beast (D:5)
  2 orc warriors
  3 sky beasts
  2 ogres
  3 necrophages
  3 centaurs
  A phantom (D:7)
  A gnoll sergeant (D:5)
  6 bullfrogs
  2 scorpions (D:5)
  A wyvern zombie (D:6)
  Dowan (D:6)
  A water moccasin skeleton (D:6)
  6 killer bees (D:8)
  12 wights
  2 howler monkeys (D:9)
  2 bullfrog zombies
  4 hounds
  2 jellies
  A bullfrog skeleton (D:5)
  An iron imp (D:8)
  3 orc priests
  3 iguanas (D:6)
  Jessica (D:3)
  Terence (D:3)
  6 orc wizards
  Natasha (thrice) (D:2)
  A hound skeleton (D:4)
  Robin (D:3)
  13 gnolls
  A howler monkey zombie (D:6)
  A howler monkey skeleton (D:4)
  4 adders
  2 shadow imps
  A white imp (D:6)
  3 worms
  11 dart slugs
  23 orcs
  8 ball pythons
  4 bats
  6 endoplasms
  4 giant cockroaches
  15 goblins
  6 hobgoblins
  11 jackals
  9 kobolds
  3 quokkas
  8 frilled lizards
  A goblin skeleton (D:8)
  2 goblin zombies (D:8)
  4 hobgoblin zombies (D:8)
  5 kobold skeletons (D:8)
  A kobold zombie (D:8)
  An orc skeleton (D:8)
  6 rats
269 creatures vanquished.

Notes
Turn   | Place    | Note
-------+----------+-------------------------------------------
     0 | D:1      | Heedrag the Minotaur Fighter began the quest for the Orb.
     0 | D:1      | Reached XP level 1. HP: 19/19 MP: 0/0
     2 | D:1      | Noticed a merfolk
     2 | D:1      | Noticed a ghoul
     4 | D:1      | Noticed a formicid
     4 | D:1      | Noticed an elf
     6 | D:1      | Noticed a demonspawn
     8 | D:1      | Noticed a minotaur
    10 | D:1      | Noticed a human
    12 | D:1      | Noticed a demigod
    12 | D:1      | Noticed a dwarf
    14 | D:1      | Noticed a vampire
    14 | D:1      | Noticed a vine stalker
    16 | D:1      | Noticed an octopode
    16 | D:1      | Noticed a draconian
    18 | D:1      | Noticed an ogre
    18 | D:1      | Noticed a tengu
    20 | D:1      | Noticed a felid
    22 | D:1      | Noticed a troll
    22 | D:1      | Noticed a spriggan
    24 | D:1      | Noticed a gargoyle
    24 | D:1      | Noticed a naga
   220 | D:1      | Reached XP level 2. HP: 27/27 MP: 1/1
   282 | D:1      | Found a faded altar of an unknown god.
   433 | D:1      | Reached skill level 3 in Axes
   441 | D:1      | Reached skill level 1 in Dodging
   682 | D:2      | Noticed Sigmund
   971 | D:2      | Killed Sigmund
   972 | D:2      | Reached skill level 4 in Axes
   972 | D:2      | Reached XP level 3. HP: 7/34 MP: 2/2
   972 | D:2      | Reached XP level 4. HP: 9/41 MP: 3/3
   972 | D:2      | Reached XP level 5. HP: 10/47 MP: 4/4
  1329 | D:2      | Noticed Natasha
  1339 | D:2      | Killed Natasha
  1529 | D:2      | Noticed Natasha
  1532 | D:2      | Killed Natasha
  1629 | D:2      | Reached XP level 6. HP: 53/53 MP: 5/5
  2114 | D:2      | Noticed Natasha
  2119 | D:2      | Killed Natasha
  2205 | D:3      | Noticed Terence
  2208 | D:3      | Reached skill level 5 in Axes
  2214 | D:3      | Killed Terence
  2380 | D:3      | Noticed Grinder
  2388 | D:3      | Killed Grinder
  2389 | D:3      | Reached skill level 5 in Fighting
  2389 | D:3      | Reached skill level 5 in Armour
  2389 | D:3      | Reached skill level 5 in Shields
  2389 | D:3      | Reached XP level 7. HP: 51/61 MP: 6/6
  2446 | D:3      | Noticed Robin
  2460 | D:3      | Killed Robin
  2654 | D:3      | Found a broken altar of Ashenzari.
  2891 | D:3      | Noticed Jessica
  2901 | D:3      | Killed Jessica
  3275 | D:4      | Reached skill level 6 in Axes
  4017 | D:4      | Found a shadowy altar of Dithmenos.
  4041 | D:4      | Reached skill level 1 in Throwing
  4359 | D:4      | Found a sparkling altar of Nemelex Xobeh.
  4389 | D:4      | Found a burning altar of Makhleb.
  4451 | D:5      | Entered Level 5 of the Dungeon
  4460 | D:5      | Reached XP level 8. HP: 67/70 MP: 7/7
  4499 | D:5      | Found a bloodstained altar of Trog.
  4501 | D:5      | Found a shimmering altar of Xom.
  4714 | D:5      | Found Cafallio's Antique Weapon Shoppe.
  4870 | D:5      | Reached skill level 7 in Axes
  5207 | D:5      | Found Exitur's Specific Store.
  5211 | D:5      | Found Reux's General Store.
  5594 | D:5      | Reached skill level 1 in Evocations
  5742 | D:5      | Identified the +1 whip of Contention {protect, Dex+2}
  5787 | D:6      | Found a glowing silver altar of Zin.
  5816 | D:6      | Reached XP level 9. HP: 69/78 MP: 8/8
  5856 | D:6      | Found a staircase to the Ecumenical Temple.
  5879 | Temple   | Entered the Ecumenical Temple
  5993 | Temple   | Became a worshipper of Warmaster Okawaru
  6194 | D:6      | Noticed a two-headed ogre
  6208 | D:6      | Killed a two-headed ogre
  6209 | D:6      | Reached skill level 8 in Axes
  6209 | D:6      | Reached skill level 5 in Dodging
  6209 | D:6      | Reached skill level 1 in Invocations
  6212 | D:6      | Reached * piety under Okawaru
  6499 | D:6      | Noticed Duvessa
  6505 | D:6      | Noticed Dowan
  7012 | D:6      | Reached ** piety under Okawaru
  7013 | D:6      | Reached skill level 9 in Axes
  7337 | D:6      | Reached XP level 10. HP: 63/85 MP: 11/11
  7525 | D:6      | Found a stormy altar of Qazlal.
  7727 | D:6      | Killed Duvessa
  7728 | D:6      | Killed Dowan
  7786 | D:6      | Found a shimmering blue altar of Sif Muna.
  8039 | D:7      | Found a snail-covered altar of Cheibriados.
  8043 | D:7      | Noticed Joseph
  8058 | D:7      | Killed Joseph
  8507 | D:7      | Reached *** piety under Okawaru
  9212 | D:7      | Noticed Menkaure
  9460 | D:7      | Killed Menkaure
  9815 | D:8      | Found a radiant altar of Vehumet.
 10046 | D:8      | Noticed a five-headed hydra
 10053 | D:8      | Killed a six-headed hydra
 10054 | D:8      | Reached skill level 10 in Axes
 10054 | D:8      | Reached skill level 5 in Invocations
 10340 | D:8      | Reached **** piety under Okawaru
 10506 | D:8      | Noticed an ice statue
 10680 | D:8      | Noticed Gastronok
 10695 | D:8      | Killed Gastronok
 10696 | D:8      | Reached XP level 11. HP: 75/95 MP: 11/14
 10704 | D:8      | Found a glowing golden altar of the Shining One.
 11151 | D:8      | Found Tovaena's Book Shoppe.
 11786 | D:9      | Noticed Erica
 11790 | D:10     | Entered Level 10 of the Dungeon
 11927 | D:9      | Killed Erica
 12196 | D:9      | Found Nayn's Weapon Boutique.
 12208 | D:9      | Bought a +0 broad axe for 60 gold pieces
 12475 | D:9      | Received a gift from Okawaru
 12574 | D:9      | Received a gift from Okawaru
 12886 | D:10     | Noticed a two-headed ogre
 12891 | D:10     | Killed a two-headed ogre
 12891 | D:10     | Reached ***** piety under Okawaru
 12892 | D:10     | Reached skill level 11 in Axes
 12892 | D:10     | Reached skill level 5 in Throwing
 13078 | D:10     | Noticed a cyan ugly thing
 13091 | D:10     | HP: 4/95 [cyan ugly thing (16)]
 13092 | D:10     | Mangled by a cyan ugly thing

Illustrated notes

Levels and vault maps discovered:
D:1:      kb_arrival_jail, layout_basic, dreamdust_ecumenical_altar_statues,
          minivault_14
D:2:      layout_basic, grunt_ministairs_13, uniq_natasha, uniq_sigmund
D:3:      layout_rooms, lemuel_doored_altar, minmay_pentomino_pile, uniq_robin,
          uniq_jessica, uniq_terence, uniq_grinder
D:4:      kennysheep_slugbush, layout_gridville, mainiacjoe_overflow_alcove_2,
          mainiacjoe_overflow_two_lobes
D:5:      layout_cave_pods, jmf_multi_god_temple, serial_shops,
          nicolae_shop_statue_plus, grunt_ministairs_7, nicolae_specific_store,
          minmay_increasing_density
D:6:      cheibrodos_fzero, layout_basic, lemuel_coloured_pillars_altar,
          overflow_temple_1_default, mainiacjoe_overflow_tiny_flanked,
          minmay_temple_entry_glass, uniq_duvessa
D:7:      layout_basic, kennysheep_mini, bh_walls_and_bars, uniq_joseph,
          uniq_menkaure
D:8:      lemuel_ice_statue, layout_basic, fiery_altar_vehumet,
          nicolae_tso_besieged_by_evil, serial_glass, glass_columns_c,
          glass_columns_a, item_on_display_a, feat_on_display, feat_on_display,
          kennysheep_windowed_goal, uniq_gastronok
D:9:      layout_basic, serial_shops, shop, uniq_erica
D:10:     minmay_distorted_concentric_squares, layout_cave_pools
Temple:   jpeg_temple_alley_garden

Skill      XL: |  1  2  3  4  5  6  7  8  9 10 11 |
---------------+----------------------------------+-----
Axes           | 4 5 6 7 9 10 11 | 11.2
Dodging        | 2 3 4 5 6 7 |  7.0
Fighting       | 4 5 6 7 8 |  8.9
Armour         | 4 5 6 7 8 |  8.7
Shields        | 4 5 6 7 8 |  8.6
Throwing       | 1 3 4 5 |  5.1
Evocations     | 1 2 3 4 |  4.5
Invocations    | 3 5 6 |  6.5

Action                   |  1- 3 |  4- 6 |  7- 9 | 10-12 || total
-------------------------+-------+-------+-------+-------++-------
Melee: War axe           |    57 |    82 |   305 |   256 ||   700
       Headbutt          |     7 |    15 |    56 |    76 ||   154
       Morningstar       |       |       |       |     3 ||     3
       Broad axe         |       |       |       |    97 ||    97
Invok: Heroism           |       |       |     2 |     8 ||    10
       Finesse           |       |       |       |     1 ||     1
  Use: Potion            |       |       |     1 |       ||     1
Armor: Scale mail        |    34 |    27 |    17 |       ||    78
       Skin              |     7 |       |       |       ||     7
       Chain mail        |       |       |    53 |       ||    53
       Plate armour      |       |       |   151 |   169 ||   320
Dodge: Dodged            |    31 |    42 |   136 |   113 ||   322
Block: Buckler           |    15 |    13 |    77 |   109 ||   214

Table legend: (Time is in decaauts)
 A = Elapsed time spent in this place.
 B = Non-inter-level travel time spent in this place.
 C = Inter-level travel time spent in this place.
 D = Time resting spent in this place.
 E = Time spent auto-exploring this place.
 F = Levels seen in this place.
 G = Mean time per level.
                   A        B        C        D        E       F      G
               +--------+--------+--------+--------+--------+-----+--------+
         Total |  13222 |  12772 |    450 |   2091 |   8666 |  11 | 1202.0 |
       Dungeon |  12984 |  12578 |    406 |   2091 |   8479 |  10 | 1298.4 |
        Temple |    238 |    194 |     44 |      0 |    187 |   1 |  238.0 |
               +--------+--------+--------+--------+--------+-----+--------+

Top non-repeatable levels by time:
     D:6: 2119 daAuts
     D:8: 1808 daAuts
     D:4: 1673 daAuts
     D:5: 1345 daAuts
     D:7: 1340 daAuts
     D:2: 1273 daAuts
     D:9: 1196 daAuts
     D:1: 921 daAuts
     D:3: 877 daAuts
    D:10: 428 daAuts
  Temple: 238 daAuts
